[Event "Early-Titled-Tuesday-Blitz-March-05-2024"]
[Site "Chess.com"]
[Date "2024.03.05"]
[Round "9"]
[White "mertfelin"]
[Black "ccccvhhhj"]
[Result "0-1"]
[WhiteElo "2341"]
[BlackElo "2472"]
[TimeControl "180+1"]
[EndTime "9:44:08 PST"]
[Termination "ccccvhhhj won by resignation"]

1. e4 e6 2. d4 d5 3. Nc3 Bb4 4. e5 c5 5. a3 Bxc3+ 6. bxc3 Ne7 7. Qg4 Kf8 8. h4 Qa5 9. Bd2 Qa4 10. h5 h6 11. Qf4 Nbc6 12. Rh3 Ke8 13. Rf3 Rf8 14. Kd1 b6 15. Qg3 Nf5 16. Qh3 Ba6 17. Bxa6 Qxa6 18. g4 Nfe7 19. Ne2 Na5 20. a4 Nc4 21. Rd3 Nb2+ 22. Ke1 Nxd3+ 23. cxd3 Rc8 24. f4 Kd7 25. g5 Nf5 26. dxc5 bxc5 27. Kf2 Qb6 28. Rg1 c4+ 29.
d4 Qb2 30. Be1 Rb8 31. Rg2 Qc2 32. g6 Rb2 33. Qg4 Qe4 34. Kg1 Ne3 0-1

[Event "Early-Titled-Tuesday-Blitz-March-05-2024"]
[Site "Chess.com"]
[Date "2024.03.05"]
[Round "9"]
[White "chupitroko32"]
[Black "Viktor_Poddubnyi"]
[Result "0-1"]
[WhiteElo "2350"]
[BlackElo "2280"]
[TimeControl "180+1"]
[EndTime "9:44:09 PST"]
[Termination "Viktor_Poddubnyi won by resignation"]

1. e4 g6 2. Nc3 Bg7 3. g3 c5 4.
Bg2 Nc6 5. d3 Nf6 6. Be3 d6 7.
h3 O-O 8. Qd2 Re8 9. Bh6 Bh8 10.
Nge2 Bd7 11. O-O Rb8 12. f4 b5 13. g4 b4 14. Nd1 a5 15. Ng3 a4 16. g5 Nh5 17.
Nxh5 gxh5 18. a3 Nd4 19. Ne3 bxa3 20. bxa3 Rb2 21. Rf2 Nb3 22. Qd1 Nxa1 23. Qxa1 Rxc2 24. Qd1 Rxf2 25. Kxf2 Qb6 26. Nc4 Qb3 27. Qxh5 Qxd3 28.
Bf1 Qxe4 29. Nb6 Qxf4+ 0-1

[Event "Early-Titled-Tuesday-Blitz-March-05-2024"]
[Site "Chess.com"]
[Date "2024.03.05"]
[Round "9"]
[White "jamengrand"]
[Black "Shivananda1964"]
[Result "1-0"]
[WhiteElo "2451"]
[BlackElo "2338"]
[TimeControl "180+1"]
[EndTime "9:44:10 PST"]
[Termination "jamengrand won by resignation"]

1. e4 e5 2. Nf3 Nc6 3. Nc3 g6 4. d4 exd4 5. Nd5 Bg7 6. Bg5 Nce7 7. Bc4 h6 8. Bh4 c6 9. Nxe7 Nxe7 10. O-O O-O 11. e5 g5 12. Nxg5 hxg5 13. Bxg5 d5 14. Bd3 c5 15. Qh5 Re8 16. Bh7+ Kf8 17. f4 Qb6 18. f5 Nxf5 19. Bxf5 Bxf5 20. Rxf5 Qe6 21.
Raf1 Kg8 22. Bf6 Bxf6 23. Rxf6 Qxe5 24. Qxf7+ 1-0

[Event "Early-Titled-Tuesday-Blitz-March-05-2024"]
[Site "Chess.com"]
[Date "2024.03.05"]
[Round "9"]
[White "Akylbek2021"]
[Black "RantomOpening"]
[Result "0-1"]
[WhiteElo "2325"]
[BlackElo "2586"]
[TimeControl "180+1"]
[EndTime "9:44:20 PST"]
[Termination "RantomOpening won by resignation"]

1. d4 d5 2. Nf3 e6 3. c4 a6 4. cxd5 exd5 5. Nc3 Nf6 6. Bf4 c6 7. Qc2 Be6 8. e3 Bd6 9. Be5 Qc7 10. Bd3 Nbd7 11. Bxd6 Qxd6 12. O-O O-O 13. Rab1 h6 14. b4 Bg4 15. Nd2 b5 16. a3 a5 17. Qb2 axb4 18. axb4 Nb6 19. Ra1 Nc4 20. Bxc4 dxc4 21. Nce4 Nxe4 22. Nxe4 Qg6 23. Ng3 h5 24. Rxa8 Rxa8 25.
Ra1 Rxa1+ 26. Qxa1 h4 27. Nf1 Bh3 28. g3 Qe4 0-1

[Event "Early-Titled-Tuesday-Blitz-March-05-2024"]
[Site "Chess.com"]
[Date "2024.03.05"]
[Round "9"]
[White "KhazhatulyAlikhan"]
[Black "DarZay"]
[Result "1-0"]
[WhiteElo "2443"]
[BlackElo "2328"]
[TimeControl "180+1"]
[EndTime "9:44:21 PST"]
[Termination "KhazhatulyAlikhan won by resignation"]

1. e4 c5 2. Nf3 Nc6 3. d4 cxd4 4. Nxd4 Nf6 5. Nc3 d6 6. Bg5 h6 7. Bxf6 gxf6 8. Be2 Qb6 9. Nb3 Be6 10. Nd5 Bxd5 11. exd5 Ne5 12. f4 Qb4+ 13. Qd2 Qxd2+ 14. Kxd2 Nd7 15.
Bb5 a6 16. Bxd7+ Kxd7 17. Nd4 e6 18. Rae1 e5 19. Nf5 h5 20. Rhf1 Rc8 21. Kd3 Rc5 22.
c4 b5 23. b3 bxc4+ 24. bxc4 Ra5 25. Rb1 Kc7 26. Rb3 Bh6 27. Rfb1 Rc5 28. Rb7+ Kd8 29. Nxd6 Rh7 30. Rb8+ Kd7 31. Ne4 1-0

[Event "Early-Titled-Tuesday-Blitz-March-05-2024"]
[Site "Chess.com"]
[Date "2024.03.05"]
[Round "9"]
[White "Alenzer"]
[Black "FischerKasparow"]
[Result "0-1"]
[WhiteElo "2156"]
[BlackElo "2083"]
[TimeControl "180+1"]
[EndTime "9:44:22 PST"]
[Termination "FischerKasparow won by resignation"]

1. e4 c5 2. Nf3 d6 3. c3 Nf6 4.
h3 Nbd7 5. Bd3 g6 6. Bc2 Bg7 7. O-O O-O 8. d4 cxd4 9. cxd4 e5 10. Re1 Re8 11. Nc3 exd4 12. Nxd4 Nc5 13. Bg5 h6 14. Bh4 Qb6 15. Bxf6 Bxf6 16. Nd5 Qd8 17. Nxf6+ Qxf6 18. b4 Ne6 19. Nb5 Rd8 20. Qd2 a6 21. Nxd6 Nf4 22. e5 Qg5 23. Qxf4 Qxf4 24. Rad1 Be6 25. Nxb7 Rxd1 26.
Bxd1 Qxb4 0-1

[Event "Early-Titled-Tuesday-Blitz-March-05-2024"]
[Site "Chess.com"]
[Date "2024.03.05"]
[Round "9"]
[White "LeoLV10"]
[Black "Kunalm64"]
[Result "0-1"]
[WhiteElo "2494"]
[BlackElo "2627"]
[TimeControl "180+1"]
[EndTime "9:44:28 PST"]
[Termination "Kunalm64 won by resignation"]

1. e4 c6 2. d4 d5 3. e5 Bf5 4. h4 h5 5. Bd3 Bxd3 6. Qxd3 Qa5+ 7. Nd2 e6 8. Nf3 Qa6 9. c4 Ne7 10. Kf1 Nd7 11. Rh3 Nf5 12. b3 Be7 13. Ke2 Qb6 14.
c5 Qc7 15. Rb1 b6 16. b4 a5 17. cxb6 Qxb6 18. bxa5 Qxa5 19. Bb2 O-O 20. Bc3 Qa7 21.
Rg1 Nh6 22. Ng5 Qa6 23. f4 Qxd3+ 24. Rxd3 Rxa2 25. Rc1 c5 26. dxc5 Nxc5 27. Rh3 Rb8 28. Nf3 Nf5 29. Rhh1 Ng3+ 30. Ke3 Nxh1 31. Rxh1 Ra3 32.
Rc1 0-1

[Event "Early-Titled-Tuesday-Blitz-March-05-2024"]
[Site "Chess.com"]
[Date "2024.03.05"]
[Round "9"]
[White "AA95"]
[Black "UK_23"]
[Result "1-0"]
[WhiteElo "2490"]
[BlackElo "2349"]
[TimeControl "180+1"]
[EndTime "9:44:29 PST"]
[Termination "AA95 won by checkmate"]

1. Nf3 d5 2. g3 Nf6 3. Bg2 e6 4. O-O Be7 5. d4 O-O 6. c4 c6 7.
Qc2 b6 8. Rd1 Bb7 9. Bf4 Na6 10.
a3 Rc8 11. Nc3 c5 12. dxc5 bxc5 13. e4 d4 14. e5 Nd7 15. Nb5 Qb6 16. Bg5 Bxg5 17.
Nxg5 g6 18. Bxb7 Qxb7 19. Nd6 Qc6 20. Nxc8 Rxc8 21. f4 f6 22. exf6 Nxf6 23. Re1 Re8 24. Qg2 Qb6 25. Re5 Ng4 26. Qh3 h5 27. Rae1 Qxb2 28.
R5e2 Qxa3 29. Qg2 d3 30. Qb7 Rf8 31. Qh7# 1-0

[Event "Early-Titled-Tuesday-Blitz-March-05-2024"]
[Site "Chess.com"]
[Date "2024.03.05"]
[Round "9"]
[White "SpeedofLight0"]
[Black "ckgchess"]
[Result "1-0"]
[WhiteElo "3073"]
[BlackElo "2908"]
[TimeControl "180+1"]
[EndTime "9:44:30 PST"]
[Termination "SpeedofLight0 won by resignation"]

1. d4 Nf6 2. Nc3 d5 3. Bf4 a6 4. e3 b5 5. Bd3 Bb7 6. Nf3 e6 7. O-O c5 8. Bg5 Nbd7 9. e4 c4 10. Be2 dxe4 11. Nd2 Be7 12. f3 exf3 13. Bxf3 Bxf3 14.
Qxf3 O-O 15. Rae1 Nb6 16. Nde4 Nxe4 17. Bxe7 Qxd4+ 18. Kh1 Nd2 19. Qf2 Qxf2 20. Rxf2 Rfe8 21. Bd6 b4 22. Bxb4 Nd5 23. Nxd5 exd5 24. Bxd2 1-0

[Event "Early-Titled-Tuesday-Blitz-March-05-2024"]
[Site "Chess.com"]
[Date "2024.03.05"]
[Round "9"]
[White "dealshark"]
[Black "Eliwood44"]
[Result "0-1"]
[WhiteElo "2348"]
[BlackElo "2521"]
[TimeControl "180+1"]
[EndTime "9:44:31 PST"]
[Termination "Eliwood44 won by resignation"]

1. Nf3 d5 2. e3 g6 3. c4 c6 4.
Nc3 Bg7 5. b3 e5 6. cxd5 cxd5 7.
d4 e4 8. Nd2 Ne7 9. Ba3 Be6 10.
Bb5+ Nbc6 11. O-O O-O 12. Rc1 a6 13. Be2 b5 14. Bb2 f5 15. f3 Rc8 16. fxe4 fxe4 17. Rxf8+ Qxf8 18. Qf1 Nf5 19. Nd1 Bh6 20. Qf2 Ncxd4 21.
Rxc8 Nxe2+ 22. Qxe2 Qxc8 23. g4 Nh4 24. Qf2 Bg5 25.
Qg3 Qc2 26. Qe5 Qxd1+ 27. Nf1 Nf3+ 0-1

[Event "Early-Titled-Tuesday-Blitz-March-05-2024"]
[Site "Chess.com"]
[Date "2024.03.05"]
[Round "9"]
[White "Sina_Movahed"]
[Black "Volodar_Murzin"]
[Result "0-1"]
[WhiteElo "3043"]
[BlackElo "2990"]
[TimeControl "180+1"]
[EndTime "9:44:33 PST"]
[Termination "Volodar_Murzin won by resignation"]

1. e4 e5 2. Nf3 Nc6 3. Bb5 Nf6 4. O-O Nxe4 5. Re1 Nd6 6. Nxe5 Be7 7. Bd3 Nxe5 8.
Rxe5 O-O 9. Nc3 Bf6 10. Re3 g6 11.
Nd5 c6 12. Nxf6+ Qxf6 13. Rb1 Nf5 14. Re1 d5 15. b4 Bd7 16. Bb2 Qg5 17. Bf1 Rfe8 18. d3 Nh4 19. Kh1 Bg4 20. Qc1 Rxe1 21. Qxe1 Bf3 22. gxf3 Nxf3 23. Bg2 Nxe1 24. Rxe1 Qd2 0-1

[Event "Early-Titled-Tuesday-Blitz-March-05-2024"]
[Site "Chess.com"]
[Date "2024.03.05"]
[Round "9"]
[White "alvarorodriguezavila"]
[Black "Quattroporte300"]
[Result "0-1"]
[WhiteElo "2332"]
[BlackElo "2448"]
[TimeControl "180+1"]
[EndTime "9:44:35 PST"]
[Termination "Quattroporte300 won by resignation"]

1. e4 c5 2. Nf3 d6 3. Nc3 Nf6 4. Be2 Nc6 5. O-O g6 6. d4 cxd4 7. Nxd4 Bg7 8. Be3 O-O 9. f4 a6 10. Qd2 Ng4 11. Bxg4 Bxg4 12. h3 Bd7 13. Nd5 e6 14. Nxc6 bxc6 15. Bb6 Qb8 16. Bc7 Qa7+ 17. Bb6 Qb7 18. Ne7+ Kh8 19. Bd4 e5 20. fxe5 dxe5 21. Bc5 Be6 22. b3 Rad8 23. Qf2 Rd7 24. Qh4 Re8 25.
c4 Rdxe7 26. Bxe7 Qxe7 27. Rad1 Qxh4 0-1

[Event "Early-Titled-Tuesday-Blitz-March-05-2024"]
[Site "Chess.com"]
[Date "2024.03.05"]
[Round "9"]
[White "marik_spb"]
[Black "jaskol95"]
[Result "1-0"]
[WhiteElo "2461"]
[BlackElo "2568"]
[TimeControl "180+1"]
[EndTime "9:44:48 PST"]
[Termination "marik_spb won by checkmate"]

1. d4 d5 2. c4 e5 3. dxe5 d4 4.
Nf3 Nc6 5. a3 a5 6. e3 Bc5 7.
exd4 Bxd4 8. Nxd4 Qxd4 9. Nc3 Qxd1+ 10. Nxd1 Nxe5 11. Bf4 f6 12. Bxe5 fxe5 13. Nc3 c6 14.
O-O-O Nf6 15. Re1 O-O 16. f3 Re8 17. Bd3 Bd7 18. Re3 Re7 19. Rhe1 Rae8 20. Na4 g6 21. Nc5 Bf5 22. g4 Bxd3 23. Nxd3 e4 24. Nc5 Kf7 25. Nxe4 Nxe4 26. Rxe4 Rxe4 27. Rxe4 Rd8 28. Kc2 b6 29. h4 h6 30. Rf4+ Ke6 31. g5 hxg5 32. hxg5 Rg8 33. Rf6+ Ke5 34. Kd3 b5 35. f4# 1-0

[Event "Early-Titled-Tuesday-Blitz-March-05-2024"]
[Site "Chess.com"]
[Date "2024.03.05"]
[Round "9"]
[White "BeautiFullMindChess"]
[Black "Bkmzzzzz"]
[Result "0-1"]
[WhiteElo "2304"]
[BlackElo "2424"]
[TimeControl "180+1"]
[EndTime "9:44:51 PST"]
[Termination "Bkmzzzzz won by checkmate"]

1. e4 d6 2. d4 Nf6 3. Nc3 e5 4.
Nf3 Nbd7 5. Bc4 Be7 6. a4 c6 7. a5 O-O 8. O-O Rb8 9. Re1 b5 10. axb6 axb6 11. d5 cxd5 12. Nxd5 Nxd5 13. Bxd5 Nf6 14.
Bb3 Be6 15. Bg5 Bxb3 16. Bxf6 Bxf6 17. cxb3 Qe7 18. Nd2 b5 19. b4 Rfd8 20. Nb1 d5 21. exd5 Qxb4 22. Nc3 Qxb2 23. Ne4 Be7 24. Ra7 Bf8 25. Qf3 Qb4 26. Qxf7+ Kh8 27. Ra2 Qxe1# 0-1

[Event "Early-Titled-Tuesday-Blitz-March-05-2024"]
[Site "Chess.com"]
[Date "2024.03.05"]
[Round "9"]
[White "Byniolus"]
[Black "Zq1"]
[Result "1-0"]
[WhiteElo "2812"]
[BlackElo "2640"]
[TimeControl "180+1"]
[EndTime "9:44:54 PST"]
[Termination "Byniolus won by resignation"]

1. d4 Nf6 2. Nf3 e6 3. Bf4 b6 4. e3 Bb7 5. h3 c5 6. c3 cxd4 7. cxd4 Be7 8. Nc3 O-O 9. Bd3 d6 10. O-O a6 11. Qe2 Nbd7 12. e4 g6 13. Bh2 Re8 14. Rad1 b5 15. e5 dxe5 16. dxe5 Nd5 17. Ne4 Nc5 18. Nd6 Bxd6 19. exd6 f6 20. Bb1 Qd7 21.
a3 Rac8 22. h4 Kg7 23. Bg3 e5 24. Ba2 Nf4 25. Qe3 Nce6 26. Nxe5 Nh3+ 27. gxh3 fxe5 28. Qxe5+ Kf8 29. Qh8+ 1-0

[Event "Early-Titled-Tuesday-Blitz-March-05-2024"]
[Site "Chess.com"]
[Date "2024.03.05"]
[Round "9"]
[White "mortngabriel"]
[Black "KorolDimitriy75"]
[Result "1-0"]
[WhiteElo "2531"]
[BlackElo "2440"]
[TimeControl "180+1"]
[EndTime "9:44:56 PST"]
[Termination "mortngabriel won by checkmate"]

1. e4 c5 2. Nc3 g6 3. d4 cxd4 4.
Qxd4 Nf6 5. Be3 Nc6 6. Qd2 Bg7 7. f3 O-O 8. O-O-O d6 9. Nge2 Bd7 10. Bh6 Qa5 11. Kb1 Rfc8 12. Bxg7 Kxg7 13. h4 h5 14.
Nf4 Ne5 15. Nfd5 Nxd5 16. exd5 b5 17. Qd4 b4 18. Ne4 Kg8 19. Be2 Qb6 20. Qd2 Nc4 21. Bxc4 Rxc4 22. Qh6 Bf5 23. Ng5 Bxc2+ 24. Ka1 Bxd1 25.
Qh7+ Kf8 26. Qh8# 1-0

[Event "Early-Titled-Tuesday-Blitz-March-05-2024"]
[Site "Chess.com"]
[Date "2024.03.05"]
[Round "9"]
[White "NikoTheodorou"]
[Black "Dyadya81"]
[Result "1-0"]
[WhiteElo "3065"]
[BlackElo "2890"]
[TimeControl "180+1"]
[EndTime "9:44:57 PST"]
[Termination "NikoTheodorou won by checkmate"]

1. d4 Nf6 2. c4 g6 3. Nc3 Bg7 4. e4 d6 5. f4 O-O 6. Nf3 c5 7. d5 e6 8. dxe6 Bxe6 9. Bd3 Nc6 10. f5 Bc8 11. O-O Ng4 12. Nd5 Nb4 13. Bg5 f6 14. Bf4 Nxd5 15. exd5 g5 16. Bd2 Ne5 17. Nxe5 dxe5 18.
h4 gxh4 19. Qh5 Bd7 20. Qxh4 Rf7 21. Rf3 Qe7 22. Kf2 Kf8 23. Qxh7 Ke8 24. Be4 Kd8 25. Rd3 Bf8 26. Qg6 Rh7 27. d6 Qg7 28.
Bxb7 Rb8 29. Ba5# 1-0

[Event "Early-Titled-Tuesday-Blitz-March-05-2024"]
[Site "Chess.com"]
[Date "2024.03.05"]
[Round "9"]
[White "Der_Balak_3Halak"]
[Black "diamonds13"]
[Result "0-1"]
[WhiteElo "2436"]
[BlackElo "2355"]
[TimeControl "180+1"]
[EndTime "9:44:57 PST"]
[Termination "diamonds13 won by resignation"]

1. b3 c5 2. Bb2 Nc6 3. Nf3 d5 4.
e3 Nf6 5. Bb5 Bd7 6. O-O a6 7. Bxc6 Bxc6 8. Ne5 e6 9. Nxc6 bxc6 10. d3 Bd6 11. Nd2 h5 12. g3 h4 13. e4 d4 14. f4 e5 15. Qf3 Qd7 16. f5 hxg3 17.
hxg3 O-O-O 18. Nc4 Bc7 19. Ba3 Rh6 20. Kg2 g5 21.
Rh1 g4 22. Qe2 Rdh8 23. Bxc5 Nh5 24. Qxg4 f6 25. Bb4 Qh7 26. Rh4 Rg8 27. Qxg8+ Qxg8 28. Be1 Nf4+ 29. Kf1 Rxh4 30. gxf4 Rh2 0-1

[Event "Early-Titled-Tuesday-Blitz-March-05-2024"]
[Site "Chess.com"]
[Date "2024.03.05"]
[Round "9"]
[White "KoningKobe"]
[Black "matagordo"]
[Result "1-0"]
[WhiteElo "2416"]
[BlackElo "2240"]
[TimeControl "180+1"]
[EndTime "9:44:57 PST"]
[Termination "KoningKobe won on time"]

1. e4 e6 2. b3 b6 3. Bb2 a5 4. Nc3 Bb7 5. d4 Ne7 6. f4 d5 7. e5 Qd7 8. Qg4 Ba6 9. Bxa6 Nxa6 10. Nf3 Nf5 11. Rc1 c5 12. Ne2 Be7 13. Qh3 O-O-O 14. O-O h5 15. c4 Kb7 16. Rfd1 dxc4 17. Rxc4 Ne3 18. Rcc1 Nxd1 19. Rxd1 Qb5 20. Nc3 Qb4 21. d5 Qxf4 22. d6 Qe3+ 23. Kh1 Bg5 24. Nxg5 Qxg5 25. Qf3+ Ka7 26. Nb5+ Kb8 27. Qc6 Rd7 28. Qxd7 Qd8 29. Qa7+ Kc8 30. d7+ 1-0

[Event "Early-Titled-Tuesday-Blitz-March-05-2024"]
[Site "Chess.com"]
[Date "2024.03.05"]
[Round "9"]
[White "1mbl4"]
[Black "StrackedAktonamee"]
[Result "1-0"]
[WhiteElo "2620"]
[BlackElo "2492"]
[TimeControl "180+1"]
[EndTime "9:45:01 PST"]
[Termination "1mbl4 won on time"]

1. d4 Nf6 2. Bf4 d5 3. Nc3 e6 4. Nb5 Bb4+ 5. c3 Ba5 6. a4 a6 7.
b4 Bb6 8. a5 axb5 9. axb6 Rxa1 10. Qxa1 Na6 11. bxc7 Qd7 12. Nf3 Nh5 13. Ne5 Qxc7 14.
e3 Qb6 15. Qa5 Qxa5 16. bxa5 Nc7 17. Nxf7 Nxf4 18. Nxh8 Nh5 19. Bd3 Nf6 20. g4 Ne4 21. f3 Nxc3 22. Bxh7 b4 23. Kd2 Bd7 24. Ng6 N7b5 25.
Ne5 Nd6 26. Bd3 Ba4 27. Ra1 Ke7 28. h4 Be8 29. a6 bxa6 30. Rxa6 Kf6 31. Rxd6 1-0

[Event "Early-Titled-Tuesday-Blitz-March-05-2024"]
[Site "Chess.com"]
[Date "2024.03.05"]
[Round "9"]
[White "LileKoridze"]
[Black "HajiyevKanan"]
[Result "0-1"]
[WhiteElo "2431"]
[BlackElo "2522"]
[TimeControl "180+1"]
[EndTime "9:45:04 PST"]
[Termination "HajiyevKanan won by resignation"]

1. d4 c6 2. c4 d5 3. Nf3 Nf6 4. e3 a6 5. cxd5 cxd5 6. Nc3 Nc6 7. Bd3 Bg4 8. h3 Bh5 9. O-O e6 10. Be2 Bd6 11. a3 O-O 12. b4 Rc8 13. Bb2 b5 14. Rc1 Bb8 15. Nb1 Qd6 16. Ne5 Bg6 17.
f4 Ne4 18. Nd2 Nxe5 19. fxe5 Qe7 20. Nxe4 Bxe4 21. Bd3 Rxc1 22. Bxc1 Bxd3 23. Qxd3 Rc8 24. Bd2 Rc4 25. e4 Rxd4 26. Qc3 Rc4 27. Qg3 Rxe4 28.
Bg5 Bxe5 29. Qf2 f6 30. Be3 Qc7 31. Bc5 f5 32. Qf3 Bd4+ 33. Bxd4 Rxd4 34. Kh1 Qc4 35. Re1 Re4 36. Rd1 h6 37. Qg3 Qe2 38. Rc1 Rc4 39. Re1 f4 40. Qh4 f3 41. Rxe2 Rxh4 42. Rxe6 f2 0-1

[Event "Early-Titled-Tuesday-Blitz-March-05-2024"]
[Site "Chess.com"]
[Date "2024.03.05"]
[Round "9"]
[White "PawnEatingZombie"]
[Black "tylityli"]
[Result "0-1"]
[WhiteElo "2190"]
[BlackElo "2308"]
[TimeControl "180+1"]
[EndTime "9:45:07 PST"]
[Termination "tylityli won by resignation"]

1. e4 e5 2. Nf3 Nc6 3. Nc3 Nf6 4. Bb5 Bb4 5. d3 d6 6. Bxc6+ bxc6 7. O-O Bxc3 8. bxc3 h6 9. h3 O-O 10. c4 Re8 11.
Nh2 d5 12. cxd5 cxd5 13. exd5 Qxd5 14. Be3 Bb7 15. f3 c5 16. Re1 c4 17. dxc4 Qxc4 18.
Qd3 Qc6 19. Rad1 e4 20. fxe4 Nxe4 21. Nf3 Nc3 22. Ra1 Rad8 23. Qf5 Rd5 24. Qg4 Re6 25. Bxa7 Ne2+ 26. Kh1 Qxc2 27. a4 Rg6 28. Qh4 Ng3+ 29.
Kh2 Nf1+ 0-1

[Event "Early-Titled-Tuesday-Blitz-March-05-2024"]
[Site "Chess.com"]
[Date "2024.03.05"]
[Round "9"]
[White "Jospem"]
[Black "MagnusCarlsen"]
[Result "1-0"]
[WhiteElo "3095"]
[BlackElo "3273"]
[TimeControl "180+1"]
[EndTime "9:45:20 PST"]
[Termination "Jospem won by resignation"]

1. e4 e6 2. d4 d5 3. exd5 exd5 4. Nf3 Bd6 5. h3 Ne7 6. c4 c6 7. Nc3 O-O 8. Be2 Nd7 9. O-O h6 10. cxd5 Nxd5 11. Nxd5 cxd5 12. Bd3 Re8 13. Re1 Rxe1+ 14. Qxe1 Nf8 15. Be3 Qf6 16. Ne5 Bf5 17. Bf1 Bxe5 18. dxe5 Qxe5 19. Qb4 b6 20. Re1 Qf6 21. Bd4 Qg6 22. Re3 Ne6 23. Rg3 Qh5 24. Be5 Bg6 25. f4 Rc8 26. Kh2 Rc1 27. Qb5 Qd1 28. Qe8+ Kh7 29. f5 Nf4 30. fxg6+ Nxg6 31. Qxf7 1-0

[Event "Early-Titled-Tuesday-Blitz-March-05-2024"]
[Site "Chess.com"]
[Date "2024.03.05"]
[Round "9"]
[White "Ajedrez_con_German"]
[Black "FREDERICKtheMATE"]
[Result "0-1"]
[WhiteElo "2587"]
[BlackElo "2725"]
[TimeControl "180+1"]
[EndTime "9:45:20 PST"]
[Termination "FREDERICKtheMATE won by resignation"]

1. Nf3 Nf6 2. e3 g6 3. b3 Bg7 4. Bb2 O-O 5. Be2 c5 6. c4 Nc6 7. O-O d5 8. cxd5 Nxd5 9. Bxg7 Kxg7 10. Qc1 Qd6 11. Na3 b6 12. d4 cxd4 13. Nb5 Qf6 14. Nbxd4 Nxd4 15. Nxd4 Bb7 16. Qb2 Rac8 17. Rac1 a6 18. h3 b5 19. Bg4 Rxc1 20. Rxc1 Rd8 21. Bf3 e5 22. Nc2 e4 23. Qxf6+ Nxf6 24. Be2 Rd2 25. Nd4 Rxa2 26. Rc7 Bd5 27. Bg4 Kf8 28.
Bc8 b4 29. g4 h6 30. Ra7 a5 31. Kg2 Ke8 32. Kg3 Kd8 33. Bb7 Bxb7 34. Rxb7 Ke8 35. Nc6 Nd5 36. Ra7 Nc3 37. Kf4 Rxf2+ 38. Ke5 a4 39.
bxa4 b3 40. Rb7 b2 41. a5 b1=Q 42. Rxb1 Nxb1 43. a6 Ra2 44. a7 Nc3 0-1

[Event "Early-Titled-Tuesday-Blitz-March-05-2024"]
[Site "Chess.com"]
[Date "2024.03.05"]
[Round "9"]
[White "Dale"]
[Black "RianKapriaga"]
[Result "0-1"]
[WhiteElo "2101"]
[BlackElo "2296"]
[TimeControl "180+1"]
[EndTime "9:45:20 PST"]
[Termination "RianKapriaga won by resignation"]

1. Nf3 Nf6 2. h3 b6 3. g4 Bb7 4. g5 Ng8 5. Rg1 g6 6. Rg4 Bg7 7. a4 a6 8. Ra3 h6 9. gxh6 Nxh6 10. Rh4 e6 11. e4 d5 12. d4 dxe4 13. Ng5 Nd7 14.
Rg3 Qe7 15. Nc3 Nf6 16. Qe2 O-O-O 17. Ngxe4 Nxe4 18. Rxe4 Nf5 19. Rgg4 Nxd4 20. Rxd4 Bxd4 21. Rxd4 Rxd4 22. Be3 Rd7 23. Qg4 Rhd8 24. Bg5 f6 25. Be3 g5 26. h4 gxh4 27. Qxh4 Kb8 28. Qg3 Qb4 29. Bc1 Rd1+ 30. Ke2 Rxc1 31. a5 Rxc2+ 0-1

[Event "Early-Titled-Tuesday-Blitz-March-05-2024"]
[Site "Chess.com"]
[Date "2024.03.05"]
[Round "9"]
[White "viviania"]
[Black "GianmarcoVaR"]
[Result "1-0"]
[WhiteElo "2903"]
[BlackElo "2766"]
[TimeControl "180+1"]
[EndTime "9:45:21 PST"]
[Termination "viviania won by resignation"]

1. e4 c5 2. Nf3 d6 3. d4 cxd4 4. Nxd4 Nf6 5. f3 e5 6. Nb3 d5 7. Bg5 Be6 8. Bxf6 gxf6 9. exd5 Qxd5 10. Qxd5 Bxd5 11. Nc3 Be6 12. Nb5 Kd8 13. O-O-O+ Nd7 14. Na5 Rb8 15. Bc4 a6 16. Nd6 Bxc4 17. Naxc4 Ke7 18.
Nxf7 Kxf7 19. Rxd7+ Ke6 20. Rhd1 Be7 21. Ne3 h5 22. c3 Rhd8 23. Rxd8 Bxd8 24. g4 hxg4 25. fxg4 Bb6 26. Nf5 e4 27. Rd6+ Ke5 28. Rxb6 Rh8 29. Rxb7 Rxh2 30. Re7+ Kf4 31. Nd4 Ke3 32. a4 Kd3 33.
Kb1 Rg2 34. Re6 Rxg4 35. Rxf6 e3 36. Rxa6 e2 37. Nxe2 1-0

[Event "Early-Titled-Tuesday-Blitz-March-05-2024"]
[Site "Chess.com"]
[Date "2024.03.05"]
[Round "9"]
[White "ploxoi"]
[Black "sathvikadiga"]
[Result "0-1"]
[WhiteElo "2444"]
[BlackElo "2583"]
[TimeControl "180+1"]
[EndTime "9:45:22 PST"]
[Termination "sathvikadiga won by resignation"]

1. d4 Nf6 2. c4 g6 3. Nc3 Bg7 4. e4 d6 5. Nf3 O-O 6. Be2 e5 7. d5 a5 8. O-O Na6 9. Be3 Nd7 10. Nd2 Nac5 11. b3 f5 12. f3 f4 13.
Bf2 g5 14. a3 b6 15. b4 Nb7 16. Na4 h5 17. Qc2 axb4 18. axb4 Nf6 19. c5 bxc5 20. bxc5 dxc5 21. Nxc5 Rxa1 22. Rxa1 Nxc5 23. Bxc5 Re8 24. Ra8 Qd7 25. Bb5 Qxb5 26. d6 cxd6 27. Bxd6 Be6 28. Ra7 Rc8 29. Rc7 Qb6+ 30. Kf1 Qxd6 31. Rxc8+ Bxc8 32. Qxc8+ Kh7 33. Qf5+ Kh6 34. h4 gxh4 35. Ke2 Ng8 36.
Nc4 Qg6 37. Qh3 Qa6 38. Kd3 Ne7 39. Qd7 Ng6 40. Qh3 Qa2 41. Kc3 Qe2 42. Kb4 Qd3 43. Qc8 Qc2 44. Qh3 Bf8+ 0-1

[Event "Early-Titled-Tuesday-Blitz-March-05-2024"]
[Site "Chess.com"]
[Date "2024.03.05"]
[Round "9"]
[White "Rud_2008"]
[Black "Dinosaurio_1975"]
[Result "1-0"]
[WhiteElo "2731"]
[BlackElo "2590"]
[TimeControl "180+1"]
[EndTime "9:45:23 PST"]
[Termination "Rud_2008 won on time"]

1. e4 c6 2. Nf3 d5 3. d3 e6 4.
c3 Nf6 5. e5 Nfd7 6. d4 c5 7.
Bd3 Nc6 8. O-O Be7 9. a3 O-O 10. Qc2 h6 11. b4 c4 12. Be2 f6 13. exf6 Bxf6 14. Re1 b5 15. Be3 a5 16. Nbd2 Qc7 17.
Nf1 Kh8 18. Ng3 Bb7 19. Qd2 Nb6 20. Nh5 Na4 21. Nf4 Qf7 22. Qc2 Rfe8 23. Ng6+ Kg8 24. Nfe5 Nxe5 25. dxe5 Bd8 26. Bh5 Qf5 27. Qxf5 exf5 28.
Bd4 Bb6 29. Nh4 Bxd4 30. cxd4 Rf8 31. e6 Bc6 32. e7 Rfb8 33. Nxf5 axb4 34. axb4 c3 35.
Nd6 c2 36. Bg6 Nb2 37. Rxa8 Rxa8 38. Bxc2 Nc4 39. e8=Q+ Bxe8 40. Rxe8+ Rxe8 41. Nxe8 Nb6 42. Nc7 1-0

[Event "Early-Titled-Tuesday-Blitz-March-05-2024"]
[Site "Chess.com"]
[Date "2024.03.05"]
[Round "9"]
[White "mishanick"]
[Black "Chessmissile07"]
[Result "1-0"]
[WhiteElo "3080"]
[BlackElo "2916"]
[TimeControl "180+1"]
[EndTime "9:45:24 PST"]
[Termination "mishanick won by resignation"]

1. d4 a6 2. c4 c6 3. Nc3 d5 4. e4 dxc4 5. Bxc4 b5 6. Bb3 e6 7. Nf3 Nf6 8. O-O Be7 9. Bg5 O-O 10. e5 Nd5 11. Bxe7 Qxe7 12. Ne4 a5 13. a3 Ba6 14. Re1 Nd7 15. Rc1 Rac8 16. Nd6 Rc7 17. Qd2 b4 18. Bxd5 exd5 19. axb4 axb4 20. Qxb4 Ra8 21. Ra1 Nf8 22. Ra3 Rca7 23. Qd2 Ne6 24. Rea1 Bb5 25. Nc8 Qxa3 26. Rxa3 Rxa3 27. Ne7+ Kf8 28. bxa3 Kxe7 29. Qb4+ Ke8 30. h4 Ra4 31. Qd6 h6 32. h5 Ra6 33. Nh4 Nxd4 34.
e6 Nxe6 35. Nf5 Ra7 36. Qb8+ 1-0

[Event "Early-Titled-Tuesday-Blitz-March-05-2024"]
[Site "Chess.com"]
[Date "2024.03.05"]
[Round "9"]
[White "Balla_Tamas"]
[Black "arnash_bauyrzhan"]
[Result "1-0"]
[WhiteElo "2430"]
[BlackElo "2313"]
[TimeControl "180+1"]
[EndTime "9:45:25 PST"]
[Termination "Balla_Tamas won on time"]

1. e4 c5 2. c3 d5 3. exd5 Qxd5 4.
d4 Nc6 5. Nf3 Bf5 6. Be3 e6 7.
c4 Qd7 8. Bd3 cxd4 9. Bxf5 exf5 10. Nxd4 O-O-O 11. O-O Nxd4 12. Nc3 Bc5 13. b4 Bxb4 14.
Nd5 Bc5 15. Bxd4 Bxd4 16. Qxd4 Nf6 17. Qxa7 Nxd5 18. cxd5 Qxd5 19. Rac1+ Kd7 20. Rcd1 Ke6 21. Rxd5 Rxd5 22. Qxb7 Rhd8 23. h3 R8d7 24. Qc8 1-0